 Dungeon Crawl Stone Soup version 0.19.5 (webtiles) character file.

800 LORDOFBUTT the Nimble (level 7, -2/31 HPs)
             Began as a Felid Berserker on Mar 6, 2017.
             Was an Elder of Trog.
             Slain by a centaur (5 damage)
             ... on level 5 of the Dungeon.
             The game lasted 00:04:51 (2950 turns).

LORDOFBUTT the Nimble (Felid Berserker)             Turns: 2950, Time: 00:04:52

Health: -2/31      AC:  2    Str: 13    XL:     7   Next: 59%
Magic:  8/8        EV: 25    Int:  8    God:    Trog [****..]
Gold:   191        SH:  0    Dex: 18    Spells: 0 memorised, 6 levels left
                                        Lives:  0   Deaths: 2

rFire  . . .     SeeInvis +       - Unarmed
rCold  . . .     Gourm    .     (armour unavailable)
rNeg   + . .     Faith    .     (shield unavailable)
rPois  .         Spirit   .     (helmet unavailable)
rElec  .         Reflect  .     (cloak unavailable)
rCorr  .         Harm     .     (gloves unavailable)
MR     +....                    (boots unavailable)
Stlth  ++++......               (no amulet)
                                q - ring of flight
                                n - ring of positive energy

@: quick
A: no armour, no weapons or thrown items, stealth, claws 1, fangs 3, see
invisible, carnivore 3, speed 1, shaggy fur 2, slow metabolism 1, sharp paws
a: Berserk, Trog's Hand, Brothers in Arms, Burn Spellbooks, Renounce Religion,
Evoke Flight


You were on level 5 of the Dungeon.
You worshipped Trog.
Trog was greatly pleased with you.
You were very full.

You visited 1 branch of the dungeon, and saw 5 of its levels.

You collected 191 gold pieces.

Inventory:

Jewellery
 n - a ring of positive energy (left paw)
 q - a ring of flight (right paw)
 t - a -3 ring of strength
Wands
 s - a wand of disintegration (9/24)
 u - a wand of lightning (10/15)
Scrolls
 b - 3 scrolls of blinking
 c - a scroll of teleportation {unknown}
 d - a scroll of magic mapping {unknown}
 e - 3 scrolls of remove curse
 l - a scroll of enchant armour {unknown}
 o - a scroll of fog {unknown}
 p - 4 scrolls of recharging {unknown}
 r - 2 scrolls of immolation {unknown}
Potions
 f - 2 potions of heal wounds
 h - 2 potions of ambrosia
 i - a potion of brilliance {unknown}
 j - a potion of flight
 k - 2 potions of might
 m - a potion of lignification {unknown}
 v - a potion of cancellation {unknown}
 x - 2 potions of curing {unknown}
 z - a potion of berserk rage {unknown}
Comestibles
 a - 4 meat rations
 g - a beef jerky
 w - a slice of pizza


   Skills:
 - Level 3.0 Fighting
 + Level 9.0 Dodging
 + Level 8.0 Stealth
 + Level 6.4 Unarmed Combat


You had 6 spell levels left.
You didn't know any spells.

Dungeon Overview and Level Annotations

Branches:
Dungeon (5/15)
 Temple: D:4-7

Altars:
Ashenzari
Dithmenos
Fedhas
Makhleb
Qazlal
Xom
Yredelemnul

Shops:
D:4 ?


Innate Abilities, Weirdness & Mutations

You cannot wear armour.
You are incapable of wielding weapons or throwing items.
Your paws allow you to move quietly. (Stealth)
You have sharp claws.
You have razor-sharp teeth.
You have supernaturally acute eyesight. (SInv)
You are carnivorous and can eat meat at any time.
You cover ground quickly.
You are covered in thick fur. (AC +2)
You have a slow metabolism.
Your sharp claws are effective at attacking unaware monsters.


Message History

* * * LOW HITPOINT WARNING * * *
You are too injured to fight recklessly!
You are too injured to fight recklessly!
You scratch the centaur.
The centaur is almost dead.
The centaur misses you. The centaur completely misses you.
You scratch the centaur.
The centaur is almost dead.
The centaur completely misses you.
You scratch the centaur but do no damage.
Your claw misses the centaur.
The centaur is almost dead.
The centaur misses you.
You scratch the centaur but do no damage.
The centaur is almost dead.
The centaur completely misses you. The centaur barely misses you.
You barely miss the centaur.
The centaur is almost dead.
The centaur hits you.
You die...

#.##.# #.##.######
#######..... ...# ####
........#.####.#####...
#................##...
###........####.##.#....
......c....####.##.#....
#.....@.$......##.#....
#...........#####.#....
....................>...
.#.####.#..#.(........#.
# #.#..##.#.##..#.#.
#.#..##.......#.#.
..............#.#.
#.#..##.#.##..#...
........#.#.


You could see a centaur.

Vanquished Creatures
  Grinder (D:3)
  Sigmund (D:5)
  Eustachio (D:4)
  An ogre (D:4)
  A scorpion (D:5)
  A howler monkey (D:4)
  A crimson imp (D:5)
  A bullfrog zombie (D:5)
  An orc priest (D:4)
  A hound (D:5)
  2 orc wizards
  Ijyb (D:2)
  An iguana (D:3)
  Natasha (thrice) (D:4)
  2 worker ants (D:4)
  4 gnolls (D:4)
  12 adders
  A shadow imp (D:4)
  An ooze (D:3)
  2 worms (D:3)
  4 dart slugs
  6 leopard geckos
  8 orcs
  3 ball pythons
  8 bats
  6 giant cockroaches
  14 goblins
  4 hobgoblins
  8 jackals
  7 kobolds
  3 quokkas
  A frilled lizard (D:4)
  A quokka skeleton (D:4)
  11 rats
123 creatures vanquished.

Notes
Turn   | Place    | Note
-------+----------+-------------------------------------------
     0 | D:1      | LORDOFBUTT the Felid Berserker began the quest for the Orb.
     0 | D:1      | Reached XP level 1. HP: 10/10 MP: 2/2
   128 | D:1      | Reached skill level 1 in Stealth
   128 | D:1      | Reached XP level 2. HP: 11/14 MP: 3/3
   738 | D:2      | Reached XP level 3. HP: 17/17 MP: 4/4
   767 | D:2      | Reached skill level 5 in Dodging
   817 | D:2      | Noticed Ijyb
   828 | D:2      | Killed Ijyb
   828 | D:2      | Reached XP level 4. HP: 16/21 MP: 5/5
   835 | D:2      | Reached ** piety under Trog
  1189 | D:2      | Found a shimmering altar of Xom.
  1201 | D:2      | Found a burning altar of Makhleb.
  1201 | D:2      | Noticed a blizzard demon
  1225 | D:2      | Found a basalt altar of Yredelemnul.
  1265 | D:2      | Found a shadowy altar of Dithmenos.
  1276 | D:2      | Found a shattered altar of Ashenzari.
  1336 | D:2      | Reached XP level 5. HP: 24/24 MP: 6/6
  1480 | D:3      | Noticed Grinder
  1489 | D:3      | Killed Grinder
  1489 | D:3      | Reached skill level 6 in Dodging
  1489 | D:3      | Gained mutation: You are covered in thick fur. (AC +2) [Felid growth]
  1489 | D:3      | Reached XP level 6. HP: 6/28 MP: 7/7
  1494 | D:3      | HP: 2/42 [orc/dagger (2)]
  1497 | D:3      | Slain by an orc
  1498 | D:3      | Reached XP level 5. HP: -1/36 MP: 6/6
  1618 | D:3      | Reached skill level 7 in Dodging
  1618 | D:3      | Reached skill level 5 in Stealth
  1679 | D:3      | Reached *** piety under Trog
  1915 | D:3      | Reached XP level 6. HP: 23/28 MP: 7/7
  2051 | D:4      | Noticed Natasha
  2060 | D:4      | Killed Natasha
  2104 | D:4      | Found a stormy altar of Qazlal.
  2112 | D:4      | Noticed Eustachio
  2122 | D:4      | Killed Eustachio
  2122 | D:4      | Reached skill level 5 in Unarmed Combat
  2156 | D:4      | Reached XP level 7. HP: 31/31 MP: 8/8
  2283 | D:4      | Reached skill level 8 in Dodging
  2305 | D:4      | Reached **** piety under Trog
  2456 | D:4      | Found Yfozon's Magic Scroll Shop.
  2512 | D:4      | Noticed Natasha
  2522 | D:4      | Killed Natasha
  2583 | D:4      | Killed from afar by an orc wizard
  2584 | D:4      | Reached XP level 6. HP: -2/28 MP: 7/7
  2617 | D:4      | Noticed Natasha
  2625 | D:4      | Killed Natasha
  2736 | D:5      | Entered Level 5 of the Dungeon
  2749 | D:5      | Found a blossoming altar of Fedhas.
  2788 | D:5      | Reached XP level 7. HP: 31/31 MP: 8/8
  2818 | D:5      | Noticed Sigmund
  2826 | D:5      | Killed Sigmund
  2897 | D:5      | Reached skill level 9 in Dodging
  2950 | D:5      | Slain by a centaur

Skill      XL: |  1  2  3  4  5  6  7 |
---------------+----------------------+-----
Stealth        | 1 2 3 5 7 8 |  8.0
Dodging        | 5 7 9 |  9.0
Unarmed Combat | 4 6 |  6.4
Fighting       | |  3.0

Action                   |  1- 3 |  4- 6 |  7- 9 || total
-------------------------+-------+-------+-------++-------
Melee: Unarmed           |    79 |   188 |    77 ||   344
       Bite              |     6 |    23 |    14 ||    43
       Punch             |     2 |     1 |       ||     3
Invok: Berserk           |     1 |     3 |     2 ||     6
  Use: Potion            |     1 |     3 |       ||     4
       Scroll            |       |     5 |       ||     5
 Stab: Sleeping          |     2 |    20 |     6 ||    28
       Distracted        |       |     1 |       ||     1
  Eat: Chunk             |     2 |    20 |     2 ||    24
Armor: Skin              |     1 |    11 |     1 ||    13
Dodge: Dodged            |    53 |   148 |    80 ||   281
